 Dungeon Crawl Stone Soup version 0.19.1 (webtiles) character file.

334 Dfrag the Conjurer (level 6, 0/49 HPs)
             Began as a Naga Conjurer on Nov 30, 2016.
             Slain by an iguana (2 damage)
             ... on level 4 of the Dungeon.
             The game lasted 00:03:49 (3167 turns).

Dfrag the Conjurer (Naga Conjurer)                  Turns: 3167, Time: 00:03:50

Health: 0/49       AC:  4    Str: 10    XL:     6   Next: 53%
Magic:  1/13       EV: 10    Int: 17    God:
Gold:   161        SH:  0    Dex: 12    Spells: 2 memorised, 12 levels left

rFire  . . .     SeeInvis +     f - +2 dagger (drain)
rCold  . . .     Gourm    +     a - +0 robe
rNeg   . . .     Faith    .     (no shield)
rPois  +         Spirit   .     (no helmet)
rElec  .         Reflect  .     h - +0 cloak
rCorr  .         Harm     .     (no gloves)
MR     .....                    (no barding)
Stlth  +++.......               y - amulet of the gourmand
                                (no ring)
                                n - ring of stealth

@: short of breath, very slow
A: see invisible, deformed body, poison resistance, slowness 2, slow metabolism
1, spit poison 1, AC +2
a: Spit Poison


You were on level 4 of the Dungeon.
You were not hungry.

You visited 1 branch of the dungeon, and saw 4 of its levels.

You collected 161 gold pieces.

Inventory:

Hand Weapons
 f - a +2 dagger of draining (weapon)
Armour
 a - a +0 robe (worn)
 h - a +0 cloak (worn)
Jewellery
 n - a ring of stealth (left hand)
 y - an amulet of the gourmand (around neck)
Scrolls
 j - a scroll of fear {unknown}
 k - 3 scrolls of teleportation {unknown}
 m - 2 scrolls of enchant armour {unknown}
 p - 2 scrolls of remove curse {unknown}
 q - 2 scrolls of enchant weapon {unknown}
 u - a scroll of random uselessness {unknown}
 v - a scroll of immolation {unknown}
 x - a scroll of recharging {unknown}
Potions
 e - a potion of flight {unknown}
 g - 2 potions of haste {unknown}
 i - a potion of might {unknown}
 l - a potion of lignification
 o - a potion of cure mutation {unknown}
 w - a potion of cancellation {unknown}
Books
 b - a book of Conjurations

   Spells                             Type                      Level
   a - Magic Dart                     Conjuration                  1
   b - Searing Ray                    Conjuration                  2
   c - Dazzling Spray                 Conjuration/Hexes            3
   d - Fulminant Prism                Conjuration/Hexes            4
   e - Iskenderun's Mystic Blast      Conjuration                  4
   f - Iskenderun's Battlesphere      Conjuration/Charms           5
Comestibles
 c - 2 bread rations
 d - 6 fruits
 r - a beef jerky
 s - 3 chunks of flesh
 t - a royal jelly


   Skills:
 - Level 1.5 Dodging
 - Level 3.0 Stealth
 * Level 5.1 Spellcasting
 + Level 5.5 Conjurations


You had 12 spell levels left.
You knew the following spells:

 Your Spells              Type           Power        Failure   Level  Hunger
a - Magic Dart            Conj           ###.         1%          1    None
b - Searing Ray           Conj           ###...       2%          2    #......


Dungeon Overview and Level Annotations

Branches:
Dungeon (4/15)
 Temple: D:4-7

Altars:
Fedhas
Uskayaw

Annotations:
D:2 exclusion: oklob plant


Innate Abilities, Weirdness & Mutations

You cannot wear boots.
Your serpentine skin is tough. (AC +2)
You have supernaturally acute eyesight. (SInv)
Armour fits poorly on your strangely shaped body.
Your system is resistant to poisons. (rPois)
You cover ground very slowly.
You have a slow metabolism.
You can spit poison.


Message History

Casting: Searing Ray
Confirm with . or Enter, or press ? or * to list all spells.
Aiming: Searing Ray
Press: ? - help, Shift-Dir - straight line, f - orc
Aim: an orc The searing ray hits the orc.
You kill the orc!
The searing ray hits the iguana.
The iguana is lightly wounded.
The iguana bites you.
* * * LOW HITPOINT WARNING * * *
The searing ray misses the iguana.
The iguana closely misses you.
The searing ray misses the iguana.
You finish channeling your searing ray.
The iguana bites you!
* * * LOW HITPOINT WARNING * * *
Press: ? - help, Shift-Dir - straight line, f - iguana
Aim: an iguana (lightly wounded)
The splash of poison misses the iguana.
You feel slightly more hungry. The iguana bites you.
You die...

...##.................#
...##.##..............#
...##.................######
...##......................#
#+####.#.#..........#......#
# ...............#......# +
# #............#......# #
#.#............#.....># #
#.#...###)l@...######## #
#.........#'#### #
#.............
#...............
#....<...........#
#................#
#................#
#................#
#............


You could see an iguana.

Vanquished Creatures
  A hound (D:4)
  An orc priest (D:4)
  An orc wizard (D:3)
  A worker ant (D:3)
  A hound skeleton (D:4)
  3 gnolls (D:4)
  8 adders
  3 oozes
  A dart slug (D:2)
  A leopard gecko (D:4)
  11 orcs
  4 ball pythons
  6 giant cockroaches
  7 hobgoblins
  6 jackals (D:3)
  9 kobolds
  A bat (D:3)
  7 frilled lizards
  13 goblins
  7 rats
92 creatures vanquished.

Notes
Turn   | Place    | Note
-------+----------+-------------------------------------------
     0 | D:1      | Dfrag the Naga Conjurer began the quest for the Orb.
     0 | D:1      | Reached XP level 1. HP: 15/15 MP: 3/3
   130 | D:1      | Reached XP level 2. HP: 12/22 MP: 0/5
   600 | D:1      | Reached XP level 3. HP: 11/28 MP: 7/7
   897 | D:2      | Found a blossoming altar of Fedhas.
   910 | D:2      | Noticed an oklob plant
   998 | D:2      | Learned a level 2 spell: Searing Ray
  1317 | D:2      | Reached XP level 4. HP: 22/36 MP: 1/9
  1784 | D:3      | Reached XP level 5. HP: 7/42 MP: 2/11
  2098 | D:3      | Found a hide-covered altar of Uskayaw.
  2253 | D:3      | Reached skill level 5 in Conjurations
  2276 | D:3      | Found a faded altar of an unknown god.
  2744 | D:3      | Reached XP level 6. HP: 18/49 MP: 0/12
  3161 | D:4      | Reached skill level 5 in Spellcasting
  3166 | D:4      | HP: 2/49 [iguana (11)]
  3167 | D:4      | Slain by an iguana

Skill      XL: |  1  2  3  4  5  6 |
---------------+-------------------+-----
Spellcasting   | 3 4 5 |  5.1
Conjurations   | 5 |  5.5
Dodging        | |  1.5
Stealth        | |  3.0

Action                   |  1- 3 |  4- 6 || total
-------------------------+-------+-------++-------
Melee: Unarmed           |    11 |       ||    11
       Dagger            |    46 |    91 ||   137
 Cast: Magic Dart        |    29 |    33 ||    62
       Searing Ray       |     1 |    15 ||    16
 Abil: Spit Poison       |     6 |    14 ||    20
  Use: Potion            |       |     1 ||     1
 Stab: Sleeping          |     6 |     5 ||    11
  Eat: Chunk             |     1 |     6 ||     7
Armor: Robe              |    14 |    37 ||    51
       Skin              |       |     6 ||     6
Dodge: Dodged            |    36 |    81 ||   117
